AoeStats
← felixpouteau920

Arena

506458940Analyzed
1v1 RM · 17d ago on Sep 13, 2026· 81m 17s· 2 players
Game mode
Random Map
Map size
Tiny (2 player)
Population
200
Speed
Normal
Resources
Standard
Victory
Conquest
Starting age
Dark Age
Ending age
Imperial Age
RankedLock teamsTeams togetherTeam positionsShared explorationLock speedFull tech treeHidden civsTurbo modeCheats
Victory
Defeat
🇫🇷 Goths · France
759
+22
🇹🇷 Turks · Türkiye
751
-16
Uzmanrep1975b
11:16 Feudal Age
12:05 Double-Bit Axe
12:05 Horse Collar
13:12 Wheelbarrow
17:22 Castle Age
17:08 Gold Mining
18:29 Bow Saw
19:54 Fervor
20:54 Hand Cart
21:21 Loom
24:47 Imperial Age
22:03 Man-at-Arms
25:06 Fletching
25:18 Padded Archer Armor
25:21 Scale Mail Armor
25:32 Forging
25:21 Long Swordsman
30:34 Two-Handed Swordsman
31:17 Squires
35:09 Conscription
34:53 Artillery
37:04 Ballistics
40:00 Chain Mail Armor
39:41 Bodkin Arrow
40:01 Leather Archer Armor
43:39 Masonry
47:48 Plate Mail Armor
51:41 Bloodlines
54:59 Bracer
55:36 Iron Casting
55:32 Ring Archer Armor
55:07 Scale Barding Armor
75:24 Blast Furnace
76:52 Chain Barding Armor
felixpouteau920
10:37 Feudal Age
11:03 Double-Bit Axe
11:01 Horse Collar
11:13 Gold Mining
11:14 Stone Mining
11:20 Stone Mining
14:57 Wheelbarrow
17:08 Forging
16:59 Scale Mail Armor
16:56 Loom
20:57 Castle Age
20:31 Fletching
20:43 Padded Archer Armor
21:53 Heavy Plow
22:15 Hand Cart
21:39 Elite Skirmisher
23:40 Bow Saw
23:52 Chain Mail Armor
24:03 Leather Archer Armor
25:13 Bodkin Arrow
27:24 Chain Mail Armor
27:44 Iron Casting
28:41 Squires
29:34 Anarchy
42:36 Imperial Age
47:42 Elite Huskarl
49:45 Blast Furnace
48:46 Bracer
49:16 Ring Archer Armor
50:43 Perfusion
50:13 Pikeman
52:10 Halberdier
61:18 Ballistics
61:59 Chemistry
63:08 Chemistry
67:02 Stone Shaft Mining
81:22 Two-Man Saw
Connection lost

Rejoining the realm…

Still unreachable

The connection could not be restored.

Session expired

The server has moved on; the page needs a fresh start.